[Event "ICC Open 2015"]
[Site "Internet Chess Club"]
[Date "2015.05.29"]
[Round "8"]
[White "klodshans"]
[Black "Kyekerz"]
[Result "1-0"]
[ICCResult "Black forfeits on time"]
[WhiteElo "1550"]
[BlackElo "1263"]
[Opening "Queen's pawn, Mason variation"]
[ECO "D00"]
[NIC "QP.08"]
[Time "15:27:57"]
[TimeControl "180+0"]

1. d4 d5 2. Bf4 Bf5 3. e3 Nf6 4. Nd2 c5 5. c4 Nc6 6. Ngf3 cxd4 7. exd4 Bg4
8. cxd5 Nxd5 9. Bg3 Bxf3 10. Nxf3 e6 11. Bc4 Bb4+ 12. Nd2 Qa5 13. Bxd5 Qxd5
14. O-O Qxd4 15. Nf3 Qxb2 16. Qa4 Qa3 17. Qxa3 Bxa3 18. Rab1 b6 19. Rfd1 O-O
20. Bd6 Rfc8 21. Bxa3 b5 22. Bc5 Na5 23. Rxb5 Nb7 24. Be3 Nd8 25. h3 f6 26.
a4 Nf7 27. Nd4 Rd8 28. Rd2 e5 29. Nc6 Rxd2 30. Bxd2 Rc8 31. Ne7+ Kf8 32.
Nxc8 Ke8 33. Bb4 Kd8 34. Nd6 Nxd6 35. Bxd6 Kd7 36. Bf8 Kc6 37. Bxg7 a6 38.
Ra5 Kb6 39. Rd5 a5 40. Rb5+ Kc6 41. Bxf6 e4 42. Bd4 h6 43. Be3
{Black forfeits on time}
1-0

[Event "ICC Open 2015"]
[Site "Internet Chess Club"]
[Date "2015.05.29"]
[Round "8"]
[White "The7thGuest"]
[Black "Sc6"]
[Result "1-0"]
[ICCResult "Black forfeits on time"]
[WhiteElo "2030"]
[BlackElo "1742"]
[Opening "Sicilian: Alapin's variation (2.c3)"]
[ECO "B22"]
[NIC "SI.46"]
[Time "15:27:17"]
[TimeControl "180+0"]

1. e4 c5 2. c3 d5 3. exd5 Qxd5 4. d4 Nf6 5. Nf3 Bg4 6. Be2 e6 7. dxc5 Bxc5
8. Qxd5 Nxd5 9. O-O O-O 10. h3 Bh5 11. Rd1 Nc6 12. a3 Rad8 13. c4 Nf6 14.
Nc3 Rxd1+ 15. Bxd1 Nd4 16. Nxd4 Bxd4 17. Bxh5 Nxh5 18. Ne2 Bc5 19. b4 Be7
20. Be3 b6 21. Rd1 Nf6 22. Bg5 Rc8 23. Rc1 h6 24. Be3 Ne4 25. f3 Nd6 26. c5
bxc5 27. bxc5 Nf5 28. Bf2 Rc6 29. g4 Nh4 30. Bxh4 Bxh4 31. Nd4 Rc8 32. c6
Bg5 33. Rc3 Bf6 34. Rc4 Bxd4+ 35. Rxd4 Rxc6 36. Ra4 a6 37. Kf2 Kf8 38. Ke3
Ke7 39. Ke4 f6 40. f4 g5 41. fxg5 hxg5 42. Kf3 Rd6 43. Kg2 Kd7 44. Ra5 Ke7
45. a4 Kf7 46. Rc5 Kg6 47. a5 f5 48. gxf5+ exf5 49. Rc8 Rd2+ 50. Kf1 Rd3 51.
Kg2 Rd2+ 52. Kf3 Rd3+ 53. Kg2 Rd2+ 54. Kf1 Rd3 55. Rc6+ Kh5 56. Rxa6 Rxh3
57. Ra8 Ra3 58. a6 Kg4 59. Ke2 f4 60. a7 Ra2+ 61. Kd3 Kg3 62. Rg8 g4 63.
a8=Q Rxa8 64. Rxa8 Kg2 65. Ke4 f3 66. Rg8 {Black forfeits on time} 1-0

[Event "ICC Open 2015"]
[Site "Internet Chess Club"]
[Date "2015.05.29"]
[Round "8"]
[White "BoardLord"]
[Black "khekhm"]
[Result "1-0"]
[ICCResult "Black checkmated"]
[WhiteElo "2212"]
[BlackElo "2586"]
[Opening "Sicilian: Najdorf, 6.Bg5"]
[ECO "B94"]
[NIC "SI.04"]
[Time "15:28:13"]
[TimeControl "180+0"]

1. e4 c5 2. Nf3 d6 3. d4 cxd4 4. Nxd4 Nf6 5. Nc3 a6 6. Bg5 Nbd7 7. f4 Qc7 8.
Qe2 b5 9. O-O-O Bb7 10. Kb1 e6 11. a3 Be7 12. Rg1 O-O 13. g4 Nb6 14. Bh4 Nc4
15. g5 Nd7 16. Rd3 Nc5 17. Rh3 Rfc8 18. Qh5 g6 19. Qf3 e5 20. Bxc4 exd4 21.
Nd5 Bxd5 22. Bxd5 Na4 23. Qb3 Rab8 24. Bxf7+ Kg7 25. f5 Nc5 26. f6+ Kf8 27.
Qd5 Bxf6 28. Rf1 Nd7 29. Be6 Qxc2+ 30. Ka2 Nb6 31. Rxf6+ Ke8 32. Qxd6 Nc4
33. Rf8# {Black checkmated} 1-0

[Event "ICC Open 2015"]
[Site "Internet Chess Club"]
[Date "2015.05.29"]
[Round "8"]
[White "vicmel"]
[Black "BornReti"]
[Result "0-1"]
[ICCResult "White checkmated"]
[WhiteElo "1934"]
[BlackElo "1809"]
[Opening "Pirc defense"]
[ECO "B07"]
[NIC "PU.07"]
[Time "15:27:47"]
[TimeControl "180+0"]

1. e4 d6 2. d4 Nf6 3. Nc3 g6 4. Be3 a6 5. f3 b5 6. a3 Bb7 7. Qd2 Nbd7 8.
Nge2 c5 9. d5 Bg7 10. Bh6 O-O 11. h4 Qc7 12. Ng3 e6 13. h5 exd5 14. Bxg7
Kxg7 15. hxg6 fxg6 16. Qh6+ Kg8 17. Nxd5 Bxd5 18. exd5 Ne5 19. O-O-O b4 20.
axb4 cxb4 21. Ne4 Nxe4 22. fxe4 Rac8 23. Qd2 Ng4 24. Be2 Nf2 25. Kb1 Nxd1
26. Rxd1 Rf2 27. Rc1 Rxg2 28. Qe3 Qc5 29. Qf3 Qf2 30. Qxf2 Rxf2 31. Bxa6 Re8
32. Bd3 g5 33. Re1 h5 34. c4 bxc3 35. bxc3 g4 36. c4 g3 37. Rg1 h4 38. c5
dxc5 39. d6 Rd2 40. Bc4+ Kg7 41. Bd5 g2 42. e5 h3 43. Bxg2 hxg2 44. e6 Rxe6
45. d7 Red6 46. Kc1 Rf2 47. Rd1 Rxd1+ 48. Kxd1 g1=Q# {White checkmated} 0-1

[Event "ICC Open 2015"]
[Site "Internet Chess Club"]
[Date "2015.05.29"]
[Round "8"]
[White "born2die"]
[Black "cap78red"]
[Result "1-0"]
[ICCResult "Black forfeits on time"]
[WhiteElo "1683"]
[BlackElo "1341"]
[Opening "Alekhine's defense: Maróczy variation"]
[ECO "B02"]
[NIC "AL.10"]
[Time "15:27:31"]
[TimeControl "180+0"]

1. e4 Nf6 2. d3 g6 3. f4 d6 4. Nf3 Bg7 5. Be2 O-O 6. h3 d5 7. e5 Nh5 8. O-O
Ng3 9. Rf2 Nxe2+ 10. Qxe2 f6 11. d4 fxe5 12. fxe5 Bf5 13. c3 c5 14. Be3 Nd7
15. Nbd2 cxd4 16. cxd4 Be4 17. Ng5 Rxf2 18. Qxf2 Qf8 19. Ngxe4 dxe4 20. Nxe4
Qxf2+ 21. Bxf2 Rc8 22. Nc3 Nb6 23. Bh4 e6 24. Bf2 Nd5 25. Nxd5 exd5 26. Re1
Rc2 27. e6 Rc8 28. Kf1 Re8 29. Re2 Bf6 30. Ke1 Kf8 31. Kd2 Ke7 32. Kd3 h5
33. g4 h4 34. Kc3 Kd6 35. Kb4 Rxe6 36. Rxe6+ Kxe6 37. Kc5 Be7+ 38. Kb5 Bd6
39. a4 Bg3 40. Be3 Kd6 41. a5 Be1 42. Bg5 a6+ 43. Kb6 Bf2 44. Bf6 Be1 45. b4
Bxb4 46. Bxh4 Bc3 47. Bf6 Ke6 48. Bg7 Kf7 49. Be5 g5 50. Kxb7 Bxa5 51. Kxa6
Bc3 52. Kb5 Kg6 53. Kc5 Bd2 54. Kxd5 Bf4 55. Ke4 {Black forfeits on time}
1-0

[Event "ICC Open 2015"]
[Site "Internet Chess Club"]
[Date "2015.05.29"]
[Round "8"]
[White "Tyrel"]
[Black "Perseus"]
[Result "1-0"]
[ICCResult "Black forfeits on time"]
[WhiteElo "2099"]
[BlackElo "2359"]
[Opening "Queen's pawn game"]
[ECO "A45"]
[NIC "QP.07"]
[Time "15:28:18"]
[TimeControl "180+0"]

1. d4 Nf6 2. e3 d6 3. f4 Nbd7 4. Nf3 c6 5. Bd3 Qc7 6. e4 e5 7. c3 Be7 8. O-O
O-O 9. Qe2 Re8 10. Kh1 h6 11. Na3 b5 12. Nc2 a6 13. Be3 exf4 14. Bxf4 Nf8
15. Qe1 Ng6 16. Bd2 c5 17. Ne3 Bb7 18. d5 Bc8 19. Nf5 Bd8 20. Qg3 Kh7 21.
Rae1 Bxf5 22. exf5 Ne5 23. Nxe5 dxe5 24. c4 b4 25. b3 Qd6 26. Re2 Bc7 27.
Qh3 Kg8 28. Rfe1 Re7 29. Be4 Rae8 30. Be3 a5 31. Bf2 Nh7 32. g4 Ng5 33. Qg2
Kf8 34. h4 Nh7 35. g5 Bd8 36. Qg1 Rc7 37. Be3 hxg5 38. hxg5 f6 39. g6 Ng5
40. Bf2 Ke7 41. Kg2 Rh8 42. Bc2 Kd7 43. Bg3 Kc8 44. Qf2 Qd7 45. Rh1 Rxh1 46.
Kxh1 {Black forfeits on time} 1-0

[Event "ICC Open 2015"]
[Site "Internet Chess Club"]
[Date "2015.05.29"]
[Round "8"]
[White "Govindan"]
[Black "RJoseph12"]
[Result "1-0"]
[ICCResult "Black forfeits on time"]
[WhiteElo "1566"]
[BlackElo "1255"]
[Opening "Hungarian defense"]
[ECO "C50"]
[NIC "IG.03"]
[Time "15:27:52"]
[TimeControl "180+0"]

1. e4 e5 2. Nf3 Nc6 3. Bc4 Be7 4. O-O Nf6 5. d3 d6 6. c3 O-O 7. Be3 h6 8.
Nbd2 Kh8 9. Bb3 Nh7 10. Bc2 f5 11. d4 Ng5 12. exf5 Bxf5 13. d5 Nb8 14. Bxf5
Rxf5 15. Nh4 Rf8 16. Ng6+ Kg8 17. Nxf8 Qxf8 18. Qh5 Nd7 19. h4 Nf7 20. Ne4
Nc5 21. Nxc5 dxc5 22. f4 exf4 23. Rxf4 Bd6 24. Rf5 Qe7 25. Bf4 Bxf4 26. Rxf4
Qe3+ 27. Rf2 Rf8 28. Rf1 Ne5 29. Kh1 Rxf2 30. Rxf2 Qxf2 31. Qxe5 Qxb2 32.
Qe8+ Kh7 33. Qe4+ Kg8 34. Qe6+ Kh7 35. Qf5+ Kg8 36. Qc8+ Kh7 37. Qxc7 Kg8
38. Qxc5 Qxa2 39. d6 Qb1+ 40. Kh2 Qb6 41. Qc8+ Kf7 42. d7 Ke7 43. Qe8+ Kd6
44. d8=Q+ Qxd8 45. Qxd8+ Ke5 46. Qe7+ Kf4 47. Qxg7 {Black forfeits on time}
1-0

[Event "ICC Open 2015"]
[Site "Internet Chess Club"]
[Date "2015.05.29"]
[Round "8"]
[White "RaiseTheCurve"]
[Black "mcplayerus"]
[Result "0-1"]
[ICCResult "White forfeits on time"]
[WhiteElo "1938"]
[BlackElo "1821"]
[Opening "Van't Kruijs opening"]
[ECO "A00"]
[Time "15:27:31"]
[TimeControl "180+0"]

1. e3 d5 2. b3 Nf6 3. Bb2 g6 4. Bxf6 exf6 5. f4 Bd6 6. Nf3 O-O 7. c4 dxc4 8.
Bxc4 c6 9. O-O Nd7 10. Nc3 Nb6 11. Bd3 Re8 12. Rc1 Ba3 13. Rb1 Qxd3 14. b4
c5 15. bxc5 Bxc5 16. Rb3 Bg4 17. Nb5 Qd7 18. d4 Bd6 19. h3 Bxf3 20. Qxf3 f5
21. Nxd6 Qxd6 22. Qxb7 Nd5 23. Rc1 Reb8 24. Rc6 Rxb7 25. Rxd6 Rxb3 26. axb3
Nxe3 27. Kf2 Nd1+ 28. Ke2 Nc3+ 29. Kd3 Ne4 30. Rc6 Rb8 31. Kc4 Rb6 32. Rc7
a6 33. b4 Kg7 34. d5 h5 35. Ra7 h4 36. Rc7 Rd6 37. Ra7 Kf6 38. Rc7 Rb6 39.
Rc6+ Rxc6+ 40. dxc6 Ke7 41. Kd5 Kd8 42. Kc4 Kc7 43. b5 axb5+ 44. Kxb5 Nd6+
45. Kc5 Nc8 46. Kd5 Ne7+ 47. Ke5 Nxc6+ 48. Kf6 Nd8 49. Kg5 Kd7 50. Kxh4 Ke7
51. Kg5 Ne6+ 52. Kh4 Kf6 53. g4 Nxf4 54. Kg3 Ne6 55. Kh4 g5+ 56. Kh5 f4 57.
h4 gxh4 58. g5+ Nxg5 59. Kxh4 f3 60. Kg3 Kf5 61. Kf2 f6 {White forfeits on
time} 0-1

[Event "ICC Open 2015"]
[Site "Internet Chess Club"]
[Date "2015.05.29"]
[Round "8"]
[White "paulohaddad"]
[Black "Zhanshen"]
[Result "1-0"]
[ICCResult "Black resigns"]
[WhiteElo "1806"]
[BlackElo "1995"]
[Opening "Queen's pawn: Torre attack"]
[ECO "A46"]
[NIC "QP.04"]
[Time "15:27:51"]
[TimeControl "180+0"]

1. d4 Nf6 2. Nf3 e6 3. Bg5 Bb4+ 4. c3 Ba5 5. Nbd2 h6 6. Bh4 g5 7. Bg3 c5 8.
e3 Nc6 9. dxc5 Bc7 10. Nd4 Bxg3 11. hxg3 e5 12. Nf5 d5 13. Nd6+ Kf8 14. Nf3
Bg4 15. Be2 e4 16. Nd4 Nxd4 17. exd4 Bxe2 18. Qxe2 b6 19. b4 bxc5 20. bxc5
a5 21. Rb1 Rb8 22. O-O Rxb1 23. Rxb1 Kg7 24. Rb7 Rf8 25. Qb5 e3 26. fxe3 Ne4
27. Nf5+ Kf6 28. Nxh6 Nxc3 29. Qc6+ Kg7 30. Nf5+ Kg8 31. Qh6 Qf6 32. Qxf6
{Black resigns}
1-0

[Event "ICC Open 2015"]
[Site "Internet Chess Club"]
[Date "2015.05.29"]
[Round "8"]
[White "Tasmaniandevil"]
[Black "PajoPatak"]
[Result "1-0"]
[ICCResult "Black checkmated"]
[WhiteElo "2084"]
[BlackElo "1515"]
[Opening "Sicilian: Smith-Morra gambit"]
[ECO "B21"]
[NIC "SI.48"]
[Time "15:28:45"]
[TimeControl "180+0"]

1. e4 c5 2. d4 cxd4 3. c3 dxc3 4. Nxc3 Nc6 5. Nf3 d6 6. Bc4 e6 7. O-O Nf6 8.
Qe2 Be7 9. Rd1 Qc7 10. Bf4 e5 11. Bg5 Bg4 12. Rac1 O-O 13. Bxf6 Bxf6 14. Nd5
Qd8 15. h3 Bh5 16. g4 Bg6 17. Qe3 Re8 18. Rc3 Be7 19. b4 Bf8 20. b5 Ne7 21.
Rdc1 Rc8 22. Nc7 Rxc7 23. Bxf7+ Bxf7 24. Rxc7 Ng6 25. Qxa7 Nf4 26. Qxb7 Ne2+
27. Kf1 Nxc1 28. Rxf7 Qb8 29. Qd5 Kh8 30. Ng5 Qc8 31. Rc7 Qa8 32. Nf7+ Kg8
33. Nh6+ Kh8 34. Qg8# {Black checkmated} 1-0

[Event "ICC Open 2015"]
[Site "Internet Chess Club"]
[Date "2015.05.29"]
[Round "8"]
[White "iragefree"]
[Black "truufseir"]
[Result "1-0"]
[ICCResult "Black forfeits on time"]
[WhiteElo "1826"]
[BlackElo "1506"]
[Opening "QGD: Albin counter-gambit"]
[ECO "D08"]
[NIC "QG.02"]
[Time "15:27:48"]
[TimeControl "180+0"]

1. d4 d5 2. c4 e5 3. dxe5 d4 4. Nf3 Nc6 5. a3 Nge7 6. b4 Ng6 7. Bb2 Ngxe5 8.
Nxe5 Nxe5 9. Qxd4 Qxd4 10. Bxd4 Nxc4 11. e3 Be6 12. Nd2 Nxd2 13. Kxd2 O-O-O
14. Kc2 Kb8 15. Rc1 Bf5+ 16. Kb2 Rg8 17. Be2 Bd6 18. Bf3 f6 19. Rhd1 Rge8
20. g4 Bg6 21. h4 h6 22. h5 Bf7 23. Rd2 Be5 24. Rcd1 Bxd4+ 25. Rxd4 Rxd4 26.
Rxd4 Be6 27. Kc3 f5 28. a4 fxg4 29. Bxg4 Bxg4 30. Rxg4 Re7 31. Kd4 b6 32. b5
Rf7 33. f4 Kc8 34. Rg6 Kd7 35. e4 Ke7 36. f5 Kf8 37. Rc6 Rd7+ 38. Ke5 Ke7
39. Rg6 Kf7 40. Rc6 Re7+ 41. Kf4 Rd7 42. e5 Rd4+ 43. Ke3 Rxa4 44. Rxc7+ Kf8
45. e6 Ra5 46. Kf4 Rxb5 47. Rxa7 Rb4+ 48. Ke5 Rb1 49. Kd6 Rd1+ 50. Kc7 b5
51. Kb6 b4 52. e7+ Kf7 53. Kc5 b3 54. Rb7 b2 55. Rxb2 Kxe7 56. Rg2 Kf6 57.
Rg6+ Kxf5 58. Rxg7 Kf4 59. Rg6 Re1 60. Rxh6 Re5+ 61. Kd4 Rg5 62. Rf6+ Kg4
63. h6 Rh5 64. Ra6 Kg5 65. Ra5+ Kg6 66. Rxh5 Kxh5 67. h7 Kg6 68. h8=Q Kf7
69. Qe5 Kg6 70. Ke3 Kf7 71. Kd2 Kg6 72. Kc3 Kf7 73. Kb4 Kg6 74. Qf4
{Black forfeits on time}
1-0

[Event "ICC Open 2015"]
[Site "Internet Chess Club"]
[Date "2015.05.29"]
[Round "8"]
[White "Cramagica"]
[Black "Reinerg"]
[Result "0-1"]
[ICCResult "White forfeits on time"]
[WhiteElo "1214"]
[BlackElo "1295"]
[Opening "English opening"]
[ECO "A05"]
[NIC "QP.11"]
[Time "15:28:14"]
[TimeControl "180+0"]

1. Nf3 Nf6 2. c4 e6 3. Nc3 Be7 4. g3 O-O 5. Bg2 d6 6. O-O Nc6 7. d3 d5 8.
cxd5 Nxd5 9. a3 a6 10. Nxd5 exd5 11. b4 Be6 12. Bb2 Bf6 13. Bxf6 Qxf6 14.
Rc1 Qb2 15. Ra1 Nd4 16. Nxd4 Qxd4 17. Qc2 c6 18. Kh1 Qf6 19. f4 Qh6 20. Qc5
Bh3 21. Qb6 Bxg2+ 22. Kxg2 Rfb8 23. Qf2 Qd6 24. Rfc1 f5 25. Qc5 Qxc5 26.
Rxc5 Re8 27. Kf2 Re7 28. Re1 Rae8 29. Rc2 Re3 30. a4 h6 31. h4 g5
{White forfeits on time}
0-1

[Event "ICC Open 2015"]
[Site "Internet Chess Club"]
[Date "2015.05.29"]
[Round "8"]
[White "AMKE"]
[Black "beaupre"]
[Result "0-1"]
[ICCResult "White checkmated"]
[WhiteElo "1612"]
[BlackElo "1782"]
[Opening "Sicilian defense"]
[ECO "B20"]
[NIC "SI.48"]
[Time "15:28:37"]
[TimeControl "180+0"]

1. e4 c5 2. b3 Nc6 3. Bb5 e5 4. Bxc6 bxc6 5. d3 Nf6 6. f4 exf4 7. Bxf4 Be7
8. Nf3 d6 9. O-O Bg4 10. Qe1 O-O 11. Qg3 h6 12. Nbd2 Qd7 13. e5 Nh5 14. Qf2
Nxf4 15. h3 Bxh3 16. Nh4 Bxh4 17. Qxf4 Bg5 18. Qf2 Bxd2 19. Qxd2 Be6 20. Rf3
dxe5 21. Raf1 e4 22. Rg3 Kh7 23. Qf4 Qd4+ 24. Kh1 exd3 25. Qd2 Qh4+ 26. Rh3
Bxh3 27. gxh3 Qxh3+ 28. Kg1 Rae8 29. cxd3 Re3 30. Rf3 Rxf3 31. d4 Rf1#
{White checkmated}
0-1

[Event "ICC Open 2015"]
[Site "Internet Chess Club"]
[Date "2015.05.29"]
[Round "8"]
[White "HappyEnding"]
[Black "PADILLON2189"]
[Result "0-1"]
[ICCResult "White forfeits on time"]
[WhiteElo "2244"]
[BlackElo "2018"]
[Opening "Sicilian: Kan, 5.Nc3"]
[ECO "B43"]
[NIC "SI.44"]
[Time "15:27:37"]
[TimeControl "180+0"]

1. e4 c5 2. Nc3 e6 3. Nf3 a6 4. d4 cxd4 5. Nxd4 Qc7 6. g3 Nf6 7. Bg2 d6 8.
O-O Be7 9. Be3 Nc6 10. h3 Bd7 11. f4 Na5 12. Qe1 Nc4 13. b3 Nxe3 14. Qxe3
Rc8 15. Nde2 d5 16. Kh2 Bc5 17. Qd3 Nxe4 18. Nxe4 dxe4 19. Bxe4 g6 20. c4
O-O 21. Rad1 Rfd8 22. Qf3 Rb8 23. h4 f5 24. Bc2 Bc6 25. Qc3 Bf8 26. Qe3 Re8
27. Nd4 Bd7 28. Nf3 Bg7 29. Ne5 Bxe5 30. fxe5 Bc6 31. h5 Qf7 32. Qg5 Kh8 33.
h6 Qe7 34. Qxe7 Rxe7 35. Rd6 Kg8 36. Rfd1 Kf7 37. c5 g5 38. Bd3 Kg6 39. Bc4
Rbe8 40. Rd8 Kxh6 41. Rxe8 Rxe8 42. Rd6 g4 43. Bxe6 Kg5 44. Kg1 f4 45. gxf4+
Kxf4 46. Bd5 Kxe5 47. Bxc6 bxc6 48. Rxc6 h5 49. Rh6 Kf4 50. Rxh5 Kg3 51. Kf1
Re3 52. Rf5 Rc3 53. b4 Rc1+ 54. Ke2 Rc2+ 55. Ke3 Rxa2 56. c6 Rb2 57. Rc5
Rb3+ 58. Ke4 Rxb4+ 59. Kf5 Rb8 60. c7 Rf8+ 61. Ke6 Rc8 {White forfeits on
time} 0-1

[Event "ICC Open 2015"]
[Site "Internet Chess Club"]
[Date "2015.05.29"]
[Round "8"]
[White "garompon"]
[Black "ikica"]
[Result "1-0"]
[ICCResult "Black resigns"]
[WhiteElo "2566"]
[BlackElo "2811"]
[Opening "Sicilian defense"]
[ECO "B40"]
[NIC "SI.43"]
[Time "15:29:05"]
[TimeControl "180+0"]

1. e4 c5 2. Nf3 e6 3. c3 d5 4. exd5 exd5 5. d4 Nc6 6. Bb5 Nf6 7. O-O Bd6 8.
dxc5 Bxc5 9. Re1+ Be6 10. Nd4 O-O 11. Be3 Qb6 12. Bxc6 Qxb2 13. Ba4 Qxa1 14.
Nb3 Bxe3 15. Nxa1 Bb6 16. Nb3 Rac8 17. Nd4 Bg4 18. f3 Bh5 19. g4 Bg6 20. Kg2
h5 21. g5 Nh7 22. h4 Bxb1 23. Qxb1 Rxc3 24. Nf5 d4 25. Qb4 Bc5 26. Qxb7 d3
27. Bb3 Bb6 28. g6 Rc7 29. gxh7+ Kxh7 30. Qe4 g6 31. Nd6 d2 32. Rd1 Rd8 33.
Nxf7 Rd4 34. Ng5+ {Black resigns} 1-0

[Event "ICC Open 2015"]
[Site "Internet Chess Club"]
[Date "2015.05.29"]
[Round "8"]
[White "Shadeath"]
[Black "HematiteBrown"]
[Result "1-0"]
[ICCResult "Black resigns"]
[WhiteElo "2963"]
[BlackElo "2100"]
[Opening "Sicilian: Grand Prix attack"]
[ECO "B21"]
[NIC "SI.48"]
[Time "15:28:43"]
[TimeControl "180+0"]

1. e4 c5 2. f4 d6 3. Nf3 g6 4. Bb5+ Bd7 5. Bxd7+ Qxd7 6. O-O Bg7 7. d3 Nc6
8. Nc3 Nf6 9. Qe1 O-O 10. Kh1 Rac8 11. Be3 Ng4 12. Bg1 Nd4 13. Rc1 b5 14.
Nxd4 cxd4 15. Ne2 e5 16. h3 Ne3 17. Bxe3 dxe3 18. f5 gxf5 19. Rxf5 d5 20.
Ng3 dxe4 21. Qxe3 exd3 22. cxd3 Rxc1+ 23. Qxc1 Qxd3 24. Rf3 Qd6 25. Nf5 Qf6
26. Qe3 Kh8 27. Qe4 Bh6 28. Nxh6 Qxh6 29. Qxe5+ Qg7 30. Qxb5 Rg8 31. Qe2 Rb8
32. b3 Rc8 33. Kh2 Qg6 34. Qe5+ Kg8 35. Rg3 Rc2 36. Rxg6+ {Black resigns}
1-0

[Event "ICC Open 2015"]
[Site "Internet Chess Club"]
[Date "2015.05.29"]
[Round "8"]
[White "ChessNakas"]
[Black "BennieHill"]
[Result "0-1"]
[ICCResult "White forfeits on time"]
[WhiteElo "2089"]
[BlackElo "1207"]
[Opening "King's pawn game"]
[ECO "C50"]
[NIC "IG.03"]
[Time "15:28:19"]
[TimeControl "180+0"]

1. e4 Nc6 2. Nf3 e5 3. Bc4 Qf6 4. O-O Nge7 5. Nc3 d6 6. h3 h6 7. Nd5 Nxd5 8.
exd5 Na5 9. Bb5+ c6 10. dxc6 Nxc6 11. d4 Be7 12. d5 Bd7 13. dxc6 bxc6 14.
Bd3 O-O 15. Qe2 Bf5 16. Bxf5 Qxf5 17. Nd4 Qd7 18. Re1 Rae8 19. Nb3 Bf6 20.
Be3 c5 21. Rad1 Qc7 22. c4 a5 23. Rd5 a4 24. Nd2 Rb8 25. Ne4 Be7 26. Red1
Rb7 {White forfeits on time} 0-1

[Event "ICC Open 2015"]
[Site "Internet Chess Club"]
[Date "2015.05.29"]
[Round "8"]
[White "nitishdas"]
[Black "picopico"]
[Result "1-0"]
[ICCResult "Black checkmated"]
[WhiteElo "1795"]
[BlackElo "1834"]
[Opening "King's Indian: Sämisch, 5...O-O"]
[ECO "E81"]
[NIC "KI.54"]
[Time "15:28:25"]
[TimeControl "180+0"]

1. d4 Nf6 2. c4 g6 3. Nc3 Bg7 4. f3 d6 5. e4 O-O 6. Bd3 c5 7. Nge2 Nc6 8.
Be3 b6 9. O-O e6 10. f4 cxd4 11. Nxd4 Nxd4 12. Bxd4 Bb7 13. f5 e5 14. Be3
Nd7 15. b4 a5 16. a3 Kh8 17. Nd5 Bxd5 18. cxd5 a4 19. Bb5 Nf6 20. Bxa4 Nxe4
21. Qf3 Nf6 22. Bc6 e4 23. Qh3 Ra7 24. a4 Nd7 25. a5 Bxa1 26. Rxa1 Ne5 27.
Rc1 Nd3 28. axb6 Ra3 29. fxg6 fxg6 30. Bd4+ Kg8 31. Qe6+ Rf7 32. Be8 Ne5 33.
Bxe5 Qxb6+ 34. Kh1 Qf2 35. Bxf7+ Kf8 36. Qe8# {Black checkmated} 1-0

[Event "ICC Open 2015"]
[Site "Internet Chess Club"]
[Date "2015.05.29"]
[Round "8"]
[White "Dlugy"]
[Black "EirikG"]
[Result "1-0"]
[ICCResult "Black resigns"]
[WhiteElo "3027"]
[BlackElo "2550"]
[Opening "King's Indian: Kazakh variation"]
[ECO "E91"]
[NIC "KI.19"]
[Time "15:29:08"]
[TimeControl "180+0"]

1. d4 Nf6 2. c4 g6 3. Nc3 Bg7 4. e4 O-O 5. Nf3 d6 6. Be2 Na6 7. O-O e5 8.
Be3 Ng4 9. Bg5 Qe8 10. d5 h6 11. Bh4 f5 12. exf5 gxf5 13. Nd2 Nf6 14. f3 Bd7
15. a3 Nc5 16. b4 Na4 17. Nxa4 Bxa4 18. Qb1 Bd7 19. Ra2 Qh5 20. Bf2 Qg5 21.
Kh1 Kh8 22. Qe1 Rg8 23. Bd3 e4 24. fxe4 Ng4 25. Bh4 Qh5 26. h3 Be5 27. Nf3
Rae8 28. exf5 Bg7 29. Re2 Ne5 30. f6 Bf8 31. Nxe5 Rxe5 32. Rxe5 dxe5 33. f7
Rg4 34. Bf6+ {Black resigns} 1-0

[Event "ICC Open 2015"]
[Site "Internet Chess Club"]
[Date "2015.05.29"]
[Round "8"]
[White "DarkThrone"]
[Black "haimw"]
[Result "0-1"]
[ICCResult "White resigns"]
[WhiteElo "2399"]
[BlackElo "1877"]
[Opening "Benoni: four pawns attack, main line"]
[ECO "A69"]
[NIC "BI.29"]
[Time "15:29:27"]
[TimeControl "180+0"]

1. d4 Nf6 2. c4 g6 3. Nc3 Bg7 4. e4 d6 5. f4 O-O 6. Nf3 c5 7. d5 e6 8. Be2
exd5 9. cxd5 Re8 10. e5 dxe5 11. fxe5 Ng4 12. e6 fxe6 13. d6 Nc6 14. O-O Nf6
15. Ng5 Nd4 16. Nge4 b6 17. Bg5 Rf8 18. Bf3 Rb8 19. Bg4 Bd7 20. Qd2 b5 21.
Rae1 b4 22. Nxf6+ Bxf6 23. Bxf6 Rxf6 24. Ne4 Rxf1+ 25. Rxf1 Bc6 26. Nxc5
Qxd6 27. Nxe6 Nf3+ 28. Bxf3 Qxd2 29. Bxc6 Qe3+ 30. Kh1 Qxe6 31. Ba4 Rf8 32.
Rd1 Kg7 33. Bb3 Qd6 34. Rc1 Rf2 35. h3 Qg3 36. Bd5 Qf4 37. Rg1 Rf1 38. Bf3
Rxg1+ 39. Kxg1 Qc1+ 40. Kf2 Qxb2+ 41. Kg3 Qxa2 42. h4 b3 43. h5 b2 44. h6+
Kxh6 {White resigns} 0-1

[Event "ICC Open 2015"]
[Site "Internet Chess Club"]
[Date "2015.05.29"]
[Round "8"]
[White "Zigfrid"]
[Black "FHNA"]
[Result "1-0"]
[ICCResult "Black checkmated"]
[WhiteElo "3132"]
[BlackElo "2577"]
[Opening "English: Neo-Catalan declined"]
[ECO "E06"]
[NIC "CA.05"]
[Time "15:27:37"]
[TimeControl "180+0"]

1. g3 d5 2. Nf3 Nf6 3. Bg2 e6 4. O-O Be7 5. c4 O-O 6. d4 dxc4 7. Qc2 a6 8.
a4 Bd7 9. Qxc4 Bc6 10. Bf4 a5 11. Nc3 Na6 12. Rac1 Nb4 13. Rfd1 Nfd5 14. Bd2
Nb6 15. Qb3 Bd6 16. e4 Qe8 17. Ra1 Bd7 18. Be3 Rc8 19. Ne5 Bc6 20. Nxc6 Nxc6
21. h3 Nb4 22. Nb5 Be7 23. Rd2 c6 24. Nc3 Nd7 25. e5 Nb6 26. f4 N6d5 27. Bf2
f5 28. exf6 Bxf6 29. Re1 Qf7 30. Rde2 Rfe8 31. Ne4 Be7 32. h4 h6 33. Kh2
Rcd8 34. Bh3 Kh8 35. Nd2 Bd6 36. Nf3 Bxf4 37. gxf4 Nxf4 38. Ne5 Qf6 39. Qf3
Nbd5 40. Bg3 Rf8 41. Re4 Nxh3 42. Qxf6 Rxf6 43. Kxh3 Kh7 44. Kg2 Re8 45. Rf1
Nb4 46. Rxf6 gxf6 47. Nc4 b5 48. axb5 cxb5 49. Nd6 Re7 50. Nxb5 Nd5 51. Nc3
Nb4 52. d5 e5 53. Rc4 Rd7 54. Rc5 Nd3 55. Rb5 Nxb2 56. Rb3 a4 57. Rxb2 a3
58. Ra2 Rc7 59. Rxa3 Rc5 60. Bf2 Rc7 61. d6 Rd7 62. Ne4 Kg6 63. Rd3 Kf5 64.
Nc5 Rd8 65. d7 e4 66. Rd5+ Kf4 67. Ne6+ Kg4 68. Nxd8 e3 69. Bxe3 f5 70. Ne6
f4 71. Nxf4 h5 72. Rg5+ Kxh4 73. Ng6# {Black checkmated} 1-0

[Event "ICC Open 2015"]
[Site "Internet Chess Club"]
[Date "2015.05.29"]
[Round "8"]
[White "VerdeNotte"]
[Black "Daler"]
[Result "1/2-1/2"]
[ICCResult "Game drawn because neither player has mating material"]
[WhiteElo "2919"]
[BlackElo "2459"]
[Opening "Scandinavian: Pytel-Wade variation"]
[ECO "B01"]
[NIC "SD.02"]
[Time "15:27:39"]
[TimeControl "180+0"]

1. e4 d5 2. exd5 Qxd5 3. Nc3 Qd6 4. d4 Nf6 5. Nf3 g6 6. Nb5 Qd8 7. Be2 Bg7
8. O-O c6 9. Na3 O-O 10. Nc4 Nbd7 11. h3 Nb6 12. Nce5 Bf5 13. c4 Nfd7 14.
Bf4 Nxe5 15. Bxe5 f6 16. Bh2 Be6 17. Rc1 Bf7 18. Qc2 Qd7 19. Rfd1 Rad8 20.
b3 Rfe8 21. Bd3 Bh6 22. Rb1 Qc8 23. Be4 Bg7 24. Rbc1 Bh6 25. Ra1 Rd7 26. a4
Na8 27. a5 Nc7 28. Re1 Na6 29. Rad1 Red8 30. Qc3 Bg7 31. Bc2 b5 32. axb6
axb6 33. Ra1 b5 34. Ra5 bxc4 35. bxc4 c5 36. d5 Nb4 37. Rea1 Rb7 38. Ba4 e6
39. d6 e5 40. d7 Rbxd7 41. Bxd7 Qxd7 42. Rxc5 Nd3 43. Rca5 e4 44. Ra7 Qe8
45. Ne1 f5 46. Qa5 Nb2 47. Rxf7 Qxf7 48. Qxd8+ Bf8 49. Bd6 Nxc4 50. Qxf8+
Qxf8 51. Bxf8 Kxf8 52. Ra7 Kg8 53. Nc2 Ne5 54. Nd4 h5 55. Ne6 Nc4 56. g4
hxg4 57. hxg4 fxg4 58. Kg2 e3 59. fxe3 Nxe3+ 60. Kg3 g5 61. Nxg5 Kf8 62.
Ne6+ Ke8 63. Kf4 Nd5+ 64. Ke5 Ne7 65. Ng7+ Kd8 66. Nf5 Nc6+ 67. Kf4 Nxa7 68.
Kxg4 {Game drawn because neither player has mating material} 1/2-1/2